 Dungeon Crawl Stone Soup version 0.26.1-10-gdfb7c7de75 (webtiles) character file.

Game seed: 2389532437137641279

9601 Almogavar the Fighter (level 11, -4/92 HPs)
             Began as a Gnoll Wanderer on Apr 12, 2021.
             Was a Priest of Elyvilon.
             Slain by an orc warrior
             ... wielding a +0 hand axe
              (21 damage)
             ... on level 9 of the Dungeon.
             The game lasted 00:33:36 (11599 turns).

Almogavar the Fighter (Gnoll Wanderer)             Turns: 11599, Time: 00:33:36

Health: -4/92      AC: 20    Str: 20    XL:     11   Next: 49%
Magic:  20/20      EV: 14    Int: 13    God:    Elyvilon [***...]
Gold:   514        SH:  0    Dex: 14    Spells: 22/22 levels left

rFire    . . .     SeeInvis .   l - +3 falchion (elec)
rCold    . . .     Faith    .   (no shield)
rNeg     + . .     Spirit   .   m - +5 scale mail {rN+}
rPois    +         Reflect  .   (no helmet)
rElec    .         Harm     .   J - +0 cloak
rCorr    .         Rampage  .   E - +0 pair of gloves
Will     .....                  y - +0 pair of boots
Stlth    ++........             (no amulet)
HPRegen  0.25/turn              g - +4 ring of protection
MPRegen  0.17/turn              w - ring of poison resistance

@: no status effects
A: distributed training, fangs 1, strong nose
a: Renounce Religion, Lesser Healing, Heal Other, Purification, Divine
Protection


You were on level 9 of the Dungeon.
You worshipped Elyvilon.
Elyvilon was most pleased with you.
You visited 4 branches of the dungeon, and saw 12 of its levels.
You also visited: Sewer.

You collected 626 gold pieces.
You spent 112 gold pieces at shops.

Inventory:

Hand Weapons
 l - a +3 falchion of electrocution (weapon)
 s - a +0 hunting sling of freezing
Missiles
 e - 12 poisoned darts (quivered)
 o - 10 boomerangs
 q - 231 stones
 L - a silver boomerang
Armour
 m - a +5 scale mail of positive energy (worn)
 y - a +0 pair of boots (worn)
 E - a +0 pair of gloves (worn)
 J - a +0 cloak (worn)
Jewellery
 g - a +4 ring of protection (left hand)
 k - an uncursed ring of wizardry
 p - an uncursed ring of see invisible
 t - an uncursed ring of protection from cold
 w - a ring of poison resistance (right hand)
 z - an uncursed ring of magical power
 K - a +6 ring of dexterity
Wands
 r - a wand of enslavement (6)
 D - a wand of disintegration (7)
 G - a wand of acid (24)
Scrolls
 b - 5 scrolls of teleportation
 d - a scroll of enchant weapon
 f - 3 scrolls of amnesia
 h - a scroll of fear
 x - 3 scrolls of remove curse
 C - 4 scrolls of magic mapping
 F - a scroll of blinking
 I - 2 scrolls of fog
 N - a scroll of enchant armour
Potions
 a - 2 potions of brilliance
 c - a potion of lignification
 i - 6 potions of heal wounds
 j - a potion of haste
 n - 2 potions of curing
 u - 2 potions of flight
 v - a potion of invisibility
 H - a potion of cancellation


   Skills:
 + Level 10.5 Fighting
 + Level 6.3 Short Blades
 + Level 7.9 Long Blades
 + Level 6.3 Axes
 + Level 6.3 Maces & Flails
 + Level 6.3 Polearms
 + Level 6.3 Staves
 + Level 6.3 Slings
 + Level 6.9 Bows
 + Level 6.3 Crossbows
 + Level 6.9 Throwing
 + Level 6.3 Armour
 + Level 6.9 Dodging
 + Level 6.3 Stealth
 + Level 6.3 Shields
 + Level 6.3 Unarmed Combat
 + Level 6.3 Spellcasting
 + Level 5.2 Conjurations
 + Level 5.2 Hexes
 + Level 5.2 Summonings
 + Level 5.2 Necromancy
 + Level 5.2 Translocations
 + Level 5.2 Transmutations
 + Level 5.2 Fire Magic
 + Level 5.2 Ice Magic
 + Level 5.2 Air Magic
 + Level 5.2 Earth Magic
 + Level 5.2 Poison Magic
 + Level 7.0 Invocations
 + Level 6.9 Evocations


You had 22 spell levels left.
You didn't know any spells.
Your spell library contained the following spells:

 Spells                   Type           Power        Failure   Level
 Confusing Touch          Hex            17%          14%         3
 Gell's Gravitas          Tloc           8%           14%         3
 Petrify                  Tmut/Erth      17%          43%         4
 Metabolic Englaciation   Hex/Ice        8%           80%         5
 Yara's Violent Unravell  Hex/Tmut       8%           80%         5


Dungeon Overview and Level Annotations

Branches:
Dungeon (9/15)             Temple (1/1) D:4            Lair (1/6) D:9
    Orc (1/2) D:9           Sewer (visited)

Altars:
Ashenzari
Cheibriados
Dithmenos
Elyvilon
Fedhas
Gozag
Hepliaklqana
Nemelex Xobeh
Okawaru
Qazlal
Ru
Sif Muna
Trog
Uskayaw
Vehumet
Wu Jian
Xom
Yredelemnul
Zin
The Shining One

Shops:
D:6 (   D:7 ?   Orc:1 *


Innate Abilities, Weirdness & Mutations

Your experience applies equally to all skills.
You have very sharp teeth.
Your uncanny sense of smell can sniff out nearby items.


Message History

The orc hits you but does no damage.
You climb upwards.
Welcome back to the Dungeon!
There is a staircase to the Orcish Mines, spattered with blood here.
Unknown command.
You hit the orc.
You kill the orc!
The orc warrior hits you with a +0 flail!!
The orc warrior hits you with a +0 hand axe!!
* * * LOW HITPOINT WARNING * * *
The orc warlord hits you with a +2 dire flail of protection!!
* * * LOW HITPOINT WARNING * * *
The orc warrior misses you.
Okay, then.
Okay, then.
You feel much better. The orc closely misses you.
You riposte.
You barely miss the orc.
The orc warrior hits you with a +0 flail!
* * * LOW HITPOINT WARNING * * *
The orc warrior hits you with a +0 hand axe!!
You die...

.................##.............#
...........##....##....##........
...........##..........##........
......##.........................
......##...................##....
...........................##....
.................................
....##.........[oo...............
....##.........o@)..........##...
...............ooo..........##...
.................................
.....##........###.....))........
.....##................)..##.....
.........................)##.....
.........##..........##..).......
##.......##....##....##..........
##.............##.............)..


You could see an orc warlord, 3 orc warriors and 2 orcs.

Vanquished Creatures
  Pikel (D:8)
  Joseph (D:8)
  Maurice (D:8)
  A black mamba (Lair:1)
  Psyche (D:9)
  3 cane toads (Lair:1)
  Maggie (D:7)
  A troll (D:9)
  Prince Ribbit (D:6)
  A yak (D:9)
  Eustachio (D:6)
  2 humans
  3 hogs (D:9)
  2 wargs (D:9)
  A water moccasin (D:8)
  9 orc warriors
  An ice beast (D:8)
  2 phantoms
  Purgy (Sewer)
  3 ogres
  5 wolves (Lair:1)
  7 centaurs
  3 lemures
  A big kobold (D:7)
  A gnoll sergeant (D:9)
  4 bullfrogs
  4 scorpions
  A water moccasin zombie (D:7)
  4 killer bees (D:8)
  8 wights (D:6)
  A crimson imp (D:4)
  A quasit (D:6)
  2 hounds (D:9)
  A jelly (D:9)
  10 orc priests
  A centaur skeleton (D:8)
  10 orc wizards
  A bullfrog skeleton (D:6)
  An iguana (D:8)
  Terence (D:2)
  4 worker ants
  A killer bee zombie (D:7)
  2 hound zombies (D:6)
  A hound skeleton (D:7)
  A worker ant zombie (D:5)
  A howler monkey zombie (D:8)
  19 gnolls
  11 adders
  3 river rats (D:5)
  3 shadow imps
  3 white imps
  2 ufetubi (D:6)
  An ooze (D:6)
  An adder zombie (D:8)
  An adder skeleton (D:5)
  5 worms
  4 dart slugs (D:1)
  3 leopard geckos (D:1)
  45 orcs
  6 bats
  5 giant cockroaches
  7 goblins
  4 hobgoblins
  10 jackals
  2 quokkas
  A ball python (D:1)
  5 frilled lizards
  A jackal zombie (D:6)
  15 kobolds
  10 rats
  A bush (D:5)
282 creatures vanquished.

Vanquished Creatures (others)
  11 fungi (D:7)
  3 toadstools (D:7)
14 creatures vanquished.

Grand Total: 296 creatures vanquished

Notes
Turn   | Place    | Note
-------+----------+-------------------------------------------
     0 | D:1      | Almogavar the Gnoll Wanderer began the quest for the Orb.
     0 | D:1      | Almogavar set off with the following items: a +2 falchion,
                  | a scroll of teleportation, a potion of lignification, a +0
                  | robe
     0 | D:1      | Reached XP level 1. HP: 26/26 MP: 1/1
    43 | D:1      | Reached XP level 2. HP: 23/33 MP: 2/2
   415 | D:1      | Reached XP level 3. HP: 38/38 MP: 3/3
   573 | D:1      | Reached skill level 1 in Invocations
  1009 | D:2      | Noticed Terence
  1019 | D:2      | Killed Terence
  1020 | D:2      | Reached skill level 1 in Short Blades
  1020 | D:2      | Reached skill level 1 in Axes
  1020 | D:2      | Reached skill level 1 in Maces & Flails
  1020 | D:2      | Reached skill level 1 in Polearms
  1020 | D:2      | Reached skill level 1 in Staves
  1020 | D:2      | Reached skill level 1 in Slings
  1020 | D:2      | Reached skill level 1 in Crossbows
  1020 | D:2      | Reached skill level 1 in Armour
  1020 | D:2      | Reached skill level 1 in Stealth
  1020 | D:2      | Reached skill level 1 in Shields
  1020 | D:2      | Reached skill level 1 in Unarmed Combat
  1020 | D:2      | Reached skill level 1 in Spellcasting
  1020 | D:2      | Reached XP level 4. HP: 43/45 MP: 5/5
  1240 | D:2      | Found a stormy altar of Qazlal.
  1297 | D:2      | Reached skill level 1 in Conjurations
  1297 | D:2      | Reached skill level 1 in Hexes
  1297 | D:2      | Reached skill level 1 in Summonings
  1297 | D:2      | Reached skill level 1 in Necromancy
  1297 | D:2      | Reached skill level 1 in Translocations
  1297 | D:2      | Reached skill level 1 in Transmutations
  1297 | D:2      | Reached skill level 1 in Fire Magic
  1297 | D:2      | Reached skill level 1 in Ice Magic
  1297 | D:2      | Reached skill level 1 in Air Magic
  1297 | D:2      | Reached skill level 1 in Earth Magic
  1297 | D:2      | Reached skill level 1 in Poison Magic
  1443 | D:2      | Found a bloodstained altar of Trog.
  2612 | D:4      | Reached XP level 5. HP: 50/51 MP: 6/6
  2744 | D:4      | Found a sparkling altar of Nemelex Xobeh.
  3071 | D:4      | Found a staircase to the Ecumenical Temple.
  3075 | Temple   | Entered the Ecumenical Temple
  3362 | Temple   | Became a worshipper of Elyvilon the Healer
  3431 | D:4      | Reached XP level 6. HP: 57/57 MP: 8/8
  3621 | D:4      | Reached skill level 5 in Long Blades
  3900 | D:5      | Entered Level 5 of the Dungeon
  3900 | D:5      | Found a blossoming altar of Fedhas.
  4051 | D:4      | Reached XP level 7. HP: 60/63 MP: 10/10
  4214 | D:5      | Found a glowing drain.
  4222 | Sewer    | Entered a sewer
  4278 | Sewer    | Noticed Purgy
  4284 | Sewer    | Killed Purgy
  4502 | D:5      | Reached skill level 9 in Fighting
  4584 | D:5      | Found a sacrificial altar of Ru.
  4584 | D:5      | Found a glowing golden altar of the Shining One.
  4859 | D:5      | Reached XP level 8. HP: 71/71 MP: 12/12
  4890 | D:6      | Noticed Prince Ribbit
  4903 | D:6      | Killed Prince Ribbit
  4946 | D:6      | Reached * piety under Elyvilon
  4984 | D:6      | Noticed Eustachio
  5006 | D:6      | Killed Eustachio
  5246 | D:6      | Found Yfaoq's Weapon Shoppe.
  5292 | D:6      | Reached XP level 9. HP: 74/77 MP: 14/14
  5521 | D:6      | Found an iron altar of Okawaru.
  5521 | D:6      | Found a broken altar of Ashenzari.
  5834 | D:6      | Found a stormy altar of Qazlal.
  5989 | D:7      | Noticed Maggie
  6005 | D:7      | Killed Maggie
  6006 | D:7      | Reached skill level 5 in Bows
  6006 | D:7      | Reached skill level 5 in Throwing
  6006 | D:7      | Reached skill level 5 in Dodging
  6006 | D:7      | Reached skill level 5 in Evocations
  6212 | D:7      | Reached ** piety under Elyvilon
  6386 | D:7      | Found Nuex Biv's Magic Scroll Shop.
  6394 | D:7      | Bought a scroll of blinking for 112 gold pieces
  6462 | D:7      | Reached skill level 5 in Invocations
  6701 | D:7      | Found an iron altar of Okawaru.
  6752 | D:7      | Identified the +2 leather armour of Supple Strength {Str+4}
  7185 | D:8      | Noticed Pikel
  7186 | D:8      | Noticed Joseph
  7374 | D:8      | Reached XP level 10. HP: 79/85 MP: 17/17
  7380 | D:8      | Killed Pikel
  7381 | D:8      | Reached skill level 5 in Short Blades
  7381 | D:8      | Reached skill level 5 in Axes
  7381 | D:8      | Reached skill level 5 in Maces & Flails
  7381 | D:8      | Reached skill level 5 in Polearms
  7381 | D:8      | Reached skill level 5 in Staves
  7381 | D:8      | Reached skill level 5 in Slings
  7381 | D:8      | Reached skill level 5 in Crossbows
  7381 | D:8      | Reached skill level 5 in Armour
  7381 | D:8      | Reached skill level 5 in Stealth
  7381 | D:8      | Reached skill level 5 in Shields
  7381 | D:8      | Reached skill level 5 in Unarmed Combat
  7381 | D:8      | Reached skill level 5 in Spellcasting
  7511 | D:8      | Found a glowing silver altar of Zin.
  7534 | D:8      | Reached *** piety under Elyvilon
  7714 | D:8      | Reached skill level 10 in Fighting
  7738 | D:8      | Noticed Maurice
  7802 | D:8      | Killed Maurice
  7998 | D:8      | Found an ornate altar of the Wu Jian Council.
  8112 | D:8      | Killed Joseph
  8907 | D:9      | Found a staircase to the Orcish Mines.
  9273 | D:9      | Noticed Psyche
  9287 | D:9      | Killed Psyche
  9552 | D:9      | Found a staircase to the Lair.
  9622 | D:9      | Reached **** piety under Elyvilon
  9922 | D:9      | Reached XP level 11. HP: 91/91 MP: 19/19
 10269 | Lair:1   | Entered Level 1 of the Lair of Beasts
 10276 | Lair:1   | Reached skill level 5 in Conjurations
 10276 | Lair:1   | Reached skill level 5 in Hexes
 10276 | Lair:1   | Reached skill level 5 in Summonings
 10276 | Lair:1   | Reached skill level 5 in Necromancy
 10276 | Lair:1   | Reached skill level 5 in Translocations
 10276 | Lair:1   | Reached skill level 5 in Transmutations
 10276 | Lair:1   | Reached skill level 5 in Fire Magic
 10276 | Lair:1   | Reached skill level 5 in Ice Magic
 10276 | Lair:1   | Reached skill level 5 in Air Magic
 10276 | Lair:1   | Reached skill level 5 in Earth Magic
 10276 | Lair:1   | Reached skill level 5 in Poison Magic
 10807 | Lair:1   | Noticed a six-headed hydra
 10888 | Orc:1    | Entered Level 1 of the Orcish Mines
 10888 | Orc:1    | Found Puitzupp's Practical Paraphernalia.
 10888 | Orc:1    | Noticed an orc warlord
 10888 | Orc:1    | Noticed an orc sorcerer
 11598 | D:9      | HP: 2/92 [orc warlord/+2 dire flail of protection (25)]
 11599 | D:9      | Slain by an orc warrior

Illustrated notes

Levels and vault maps discovered:
D:1:      saegor_arrival_simple_c, layout_loops_ring
D:2:      layout_loops_ring, nicolae_qazlal_eye_of_the_storm,
          lemuel_round_altar, uniq_terence
D:3:      layout_loops_corners
D:4:      layout_basic, nemelex_xobeh_ov_fountains_minmay, temple_hall_moat,
          minmay_fire_ice_demons
D:5:      minmay_general_purpose_star, layout_basic,
          nicolae_overflow_hidden_temple, kennysheep_mini,
          gammafunk_temple_overflow_wave, lightli_sewer_entry_pipes,
          fedhas_bush_and_centaur_altar
D:6:      layout_rooms, gammafunk_temple_overflow_elements, serial_shops,
          nicolae_shop_crystal, basic_altar, chequers_mini_garden,
          uniq_prince_ribbit1, uniq_eustachio
D:7:      layout_basic, serial_shops, shop, minmay_gold_behind_fungi,
          okawaru_ov_weapons_minmay, uniq_maggie
D:8:      layout_basic, zin_statuary, kennysheep_little_box, uniq_joseph,
          uniq_maurice, uniq_pikel
D:9:      layout_long_grid, lair_entry_dummy, erik_orc_4,
          statue_in_the_mist_lemuel, minmay_misc_feat_nine_boxes,
          hangedman_decor_opposing, grunt_livestock, kennysheep_generic_room_14,
          uniq_psyche
Temple:   minmay_temple_curvy_loop
Lair:1:   layout_roguey, grunt_megastairs_5
Orc:1:    layout_caves, nicolae_alphabet_shops

Skill      XL: |  1  2  3  4  5  6  7  8  9 10 11 |
---------------+----------------------------------+-----
Invocations    | 1 2 3 4 5 6 7 |  7.0
Short Blades   | 1 2 3 4 5 6 |  6.3
Axes           | 1 2 3 4 5 6 |  6.3
Maces & Flails | 1 2 3 4 5 6 |  6.3
Polearms       | 1 2 3 4 5 6 |  6.3
Staves         | 1 2 3 4 5 6 |  6.3
Slings         | 1 2 3 4 5 6 |  6.3
Crossbows      | 1 2 3 4 5 6 |  6.3
Armour         | 1 2 3 4 5 6 |  6.3
Stealth        | 1 2 3 4 5 6 |  6.3
Shields        | 1 2 3 4 5 6 |  6.3
Unarmed Combat | 1 2 3 4 5 6 |  6.3
Spellcasting   | 1 2 3 4 5 6 |  6.3
Conjurations   | 1 2 3 4 5 |  5.2
Hexes          | 1 2 3 4 5 |  5.2
Summonings     | 1 2 3 4 5 |  5.2
Necromancy     | 1 2 3 4 5 |  5.2
Translocations | 1 2 3 4 5 |  5.2
Transmutations | 1 2 3 4 5 |  5.2
Fire Magic     | 1 2 3 4 5 |  5.2
Ice Magic      | 1 2 3 4 5 |  5.2
Air Magic      | 1 2 3 4 5 |  5.2
Earth Magic    | 1 2 3 4 5 |  5.2
Poison Magic   | 1 2 3 4 5 |  5.2
Bows           | 3 4 5 6 |  6.9
Throwing       | 3 4 5 6 |  6.9
Dodging        | 3 4 5 6 |  6.9
Evocations     | 3 4 5 6 |  6.9
Long Blades    | 5 6 7 |  7.9
Fighting       | 9 10 | 10.5

Action                   |  1- 3 |  4- 6 |  7- 9 | 10-12 || total
-------------------------+-------+-------+-------+-------++-------
Melee: Falchion          |    57 |    85 |   317 |   289 ||   748
       Bite              |     6 |     6 |    39 |    43 ||    94
       Punch             |       |       |     9 |     8 ||    17
 Fire: Hunting sling     |       |     8 |       |       ||     8
Throw: Dart              |    17 |     8 |    83 |    72 ||   180
Invok: Lesser Healing    |       |       |       |     2 ||     2
       Greater Healing   |       |       |       |     1 ||     1
  Use: Scroll            |     1 |     7 |     7 |     5 ||    20
       Potion            |       |       |       |     4 ||     4
 Stab: Sleeping          |     2 |       |       |     1 ||     3
Armor: Robe              |    10 |       |       |       ||    10
       Scale mail        |       |    32 |   144 |   127 ||   303
Dodge: Dodged            |    41 |    52 |   189 |   238 ||   520
       Rpst.: Falchion   |    15 |    16 |    60 |    53 ||   144
